 Dungeon Crawl Stone Soup version 0.32-a0-685-g93135e86f0 (webtiles) character file.

Game seed: 7559387430102165548

160 ytrimaz the Chopper (level 5, 0/41 HPs)
             Began as a Coglin Gladiator on Mar 12, 2024.
             Slain by a gnoll
             ... wielding a +0 spear of flaming
              (1 damage)
             ... on level 2 of the Dungeon.
             The game lasted 00:01:31 (1320 turns).

ytrimaz the Chopper (Coglin Gladiator)              Turns: 1320, Time: 00:01:32

Health: 0/41       AC:  4    Str: 17    XL:     5   Next: 41%
Magic:  5/5        EV: 12    Int:  7    God:
Gold:   47         SH:  0    Dex: 15    Spells: 4/4 levels left

rFire   . . .        a - +0 war axe {Qiu}
rCold   . . .        l - +2 short sword (venom) {Gunther}
rNeg    . . .        b - +0 leather armour
rPois   .            c - +0 helmet
rElec   .            (no cloak)
rCorr   .            (no gloves)
SInv    .            (no boots)
Will    .....        (amulet unavailable)
Stlth   +            (ring unavailable)
HPRegen 0.26/turn    (ring unavailable)
MPRegen 0.09/turn    (no gizmo)

%: no passive effects
@: lethally poisoned (0 -> -1), revved
A: off-hand wielding, slow wielding, warmup strikes, no jewellery
a: Invent Gizmo


You were on level 2 of the Dungeon.
You visited 1 branch of the dungeon, and saw 2 of its levels.

You collected 47 gold pieces.


Innate Abilities, Weirdness & Mutations

You can wield a second weapon in your off-hand.
It takes a long time for you to wield or remove held weapons.
Your first few attacks do less damage.
You cannot equip rings or amulets.


   Skills:
 + Level 3.5 Fighting
 + Level 4.1 Axes
 - Level 1.7 Throwing
 + Level 2.3 Armour
 - Level 2.6 Dodging


You had 4 spell levels left.
You didn't know any spells.
Your spell library was empty.

Inventory:

Hand Weapons
 a - a +0 war axe (weapon) {Qiu}
 f - a +0 dagger {Xochipepe}
 h - a +0 hand axe {Wei}
   (You found it on level 1 of the Dungeon)
 l - a +2 short sword of venom (offhand) {Gunther}
   (You found it on level 2 of the Dungeon)
Missiles
 d - 2 throwing nets (quivered)
 e - a javelin
Armour
 b - a +0 leather armour (worn)
 c - a +0 helmet (worn)
Scrolls
 g - a scroll of identify {unknown}
 i - a scroll of fear {unknown}
 k - a scroll of teleportation {unknown}

Dungeon Overview and Level Annotations

Branches:
Dungeon (2/15) Zot: 10662

Altars:

#.......# #......#
#.......####.##### ..##
#.............# .:.
######........# ######?.#
#...[....# ###... ...
#........# ....# ..##+##
#........#### #..# .......
#...........###..##)......
###########@Sg....))......
##########...... .....
.... ... _. .


You could see a gnoll and an adder (very poisoned).


Message History

The orc priest shouts, "The Pantheon deserves no one's loyalty.
Let us show you the true path!"
You slash the orc priest with your +0 war axe!
You hit the gnoll with your +0 war axe. The gnoll hits you with a +0 spear.
The orc priest hits you with a +0 dagger.
The gnoll hits you with a +0 spear.
* * * LOW HITPOINT WARNING * * *
The orc priest invokes the aid of Beogh against you.
Pain shoots through your body!
* * * LOW HITPOINT WARNING * * *
😨 HP[-7]
You take 7 damage, and now have 12/35 hp.
You closely miss the orc priest with your +2 short sword of venom.
You hit the orc priest with your +0 war axe.
You slash the gnoll with your +0 war axe!
You kill the gnoll!
The orc priest hits you but does no damage.
You have reached level 5! 😨 HP[+2] MP[+1]
You now have 41 max hp (+6).
You regained 2 hp, and now have 14/41 hp.
Your mp is fully restored (5).
You closely miss the orc priest with your +2 short sword of venom.
You hit the orc priest but do no damage.
You closely miss the orc with your +0 war axe.
The orc hits you with a +0 short sword.
* * * LOW HITPOINT WARNING * * *
The orc priest shouts, "Surrender to Beogh and we'll let you live!"
The orc priest closely misses you.
Unknown command. 😨 HP[-2]
You take 2 damage, and now have 12/41 hp.
The orc priest casts a cantrip, but nothing happens. 😨 HP[+1] Unknown command.
The orc attacks as it pursues you! The orc hits you but does no damage.
The orc attacks as it pursues you!
The orc hits you but does no damage. 😨 HP[+1]
You kill the orc priest!
Your Axes skill increases to level 4!
There is a stone staircase leading down here.
You hit the orc with your +2 short sword of venom.
You slash the orc with your +0 war axe!
You kill the orc! 😨 HP[+1]
The gnoll hits you with a +0 whip.
* * * LOW HITPOINT WARNING * * *
There is a stone staircase leading down here. 😨 HP[-2]
You take 2 damage, and now have 13/41 hp.
You hit the gnoll with your +2 short sword of venom.
The gnoll is poisoned.
You hit the gnoll but do no damage. The gnoll hits you with a +0 whip.
* * * LOW HITPOINT WARNING * * *
😱 HP[-3]
You take 3 damage, and now have 10/41 hp.
Unknown command.
You feel better. The gnoll closely misses you. 😨 HP[+8]
You regained 8 hp, and now have 18/41 hp.
Unknown command.
You hit the gnoll but do no damage.
You barely miss the gnoll with your +2 short sword of venom.
The gnoll hits you with a +0 whip!
* * * LOW HITPOINT WARNING * * *
The gnoll barely misses you. 😨 HP[-7]
You take 7 damage, and now have 11/41 hp.
Unknown command.
You hit the gnoll with your +2 short sword of venom.
You closely miss the gnoll with your +0 war axe.
The gnoll barely misses you.
Unknown command.
You hit the gnoll with your +2 short sword of venom.
You kill the gnoll! 😨 HP[+1] Unknown command.
You hit the endoplasm with your +2 short sword of venom.
You slash the endoplasm with your +0 war axe!
You kill the endoplasm!
Unknown command.
The adder bites you.
* * * LOW HITPOINT WARNING * * *
You are poisoned.
The adder poisons you! 😱 HP[-2]
You take 2 damage, and now have 10/41 hp.
You miss the adder with your +0 war axe.
You hit the adder with your +2 short sword of venom.
The adder is poisoned.
You feel sick. The gnoll misses you. The adder closely misses you.
The gnoll closely misses you. 😱 HP[-2]
You take 2 damage, and now have 8/41 hp.
Unknown command.
You barely miss the adder with your +2 short sword of venom.
You hit the adder but do no damage.
You feel sick.
The adder bites you but does no damage. x2
The gnoll hits you from afar with a +0 spear of flaming!
* * * LOW HITPOINT WARNING * * *
The gnoll burns you.
You die...

Skill      XL: |  1  2  3  4  5 |
---------------+----------------+-----
Armour         | 1 2 |  2.3
Fighting       | 3 |  3.5
Axes           | 4 |  4.1
Throwing       | |  1.7
Dodging        | |  2.6

Action                     |  1- 3 |  4- 6 || total
---------------------------+-------+-------++-------
  Melee: War axe           |    69 |    16 ||    85
         Dagger            |    35 |       ||    35
         Hand axe          |    18 |       ||    18
         Short sword       |     6 |    17 ||    23
  Throw: Throwing net      |       |     1 ||     1
    Use: Scroll            |     1 |       ||     1
         Potion            |       |     3 ||     3
 Armour: Leather armour    |    46 |    24 ||    70
  Dodge: Dodged            |    54 |    11 ||    65

Levels and vault maps discovered:
D:1:      psy_arrival_spokes, layout_basic, roderic_roman_lattice,
          corner_web_ring
D:2:      layout_basic, basic_ecumenical_altar

Notes
Turn   | Place    | Note
-------+----------+-------------------------------------------
     0 | D:1      | ytrimaz the Coglin Gladiator began the quest for the Orb.
     0 | D:1      | Reached XP level 1. HP: 16/16 MP: 1/1
     0 | D:1      | magus.rc [v1.9.6]
   162 | D:1      | Reached XP level 2. HP: 15/22 MP: 2/2
   459 | D:1      | Reached skill level 1 in Armour
   475 | D:1      | Reached XP level 3. HP: 28/28 MP: 3/3
  1289 | D:2      | Reached skill level 3 in Fighting
  1289 | D:2      | Reached XP level 4. HP: 22/35 MP: 4/4
  1298 | D:2      | Reached skill level 2 in Armour
  1298 | D:2      | Found a faded altar of an unknown god.
  1301 | D:2      | Reached XP level 5. HP: 14/41 MP: 5/5
  1308 | D:2      | Reached skill level 4 in Axes
  1311 | D:2      | HP: 10/41 [gnoll/+0 whip (3)]
  1318 | D:2      | HP: 10/41 [adder (2)]
  1320 | D:2      | HP: 1/41 [gnoll/+0 spear of flaming (7)]
  1320 | D:2      | Slain by a gnoll

Vanquished Creatures
  2 orc priests (D:2)
  An orc wizard (D:2)
  2 gnolls (D:2)
  A ribbon worm (D:2)
  2 orcs (D:2)
  3 ball pythons (D:2)
  A bat (D:1)
  4 endoplasms
  5 giant cockroaches (D:1)
  4 goblins (D:1)
  3 hobgoblins (D:1)
  8 jackals (D:1)
  2 quokkas (D:1)
  2 frilled lizards (D:2)
  4 kobolds (D:1)
  3 rats
47 creatures vanquished.

Table legend:
 A = Non-vault XP
 B = Vault XP
 C = Vault XP percentage of total XP
 D = Non-vault monster count
 E = Vault monster count
 F = Vault count percentage of total count
                 A         B        C        D         E       F
            +---------+---------+-------+---------+---------+-------
      Total |     229 |       0 |   0.0 |      47 |       0 |   0.0
            +---------+---------+-------+---------+---------+-------
        D:1 |      55 |       0 |   0.0 |      29 |       0 |   0.0
        D:2 |     174 |       0 |   0.0 |      18 |       0 |   0.0
            +---------+---------+-------+---------+---------+-------

Skill      XL: |  1  2  3  4  5 |
---------------+----------------+-----
Armour         | 1 2 |  2.3
Fighting       | 3 |  3.5
Axes           | 4 |  4.1
Throwing       | |  1.7
Dodging        | |  2.6

Action                     |  1- 3 |  4- 6 || total
---------------------------+-------+-------++-------
  Melee: War axe           |    69 |    16 ||    85
         Dagger            |    35 |       ||    35
         Hand axe          |    18 |       ||    18
         Short sword       |     6 |    17 ||    23
  Throw: Throwing net      |       |     1 ||     1
    Use: Scroll            |     1 |       ||     1
         Potion            |       |     3 ||     3
 Armour: Leather armour    |    46 |    24 ||    70
  Dodge: Dodged            |    54 |    11 ||    65

Illustrated notes

Table legend:
 A = Kills in this place as a percentage of kills in the entire game.
 B = Kills by you in this place as a percentage of kills by you in the entire game.
 C = Kills by friends in this place as a percentage of kills by friends in the entire game.
 D = Other kills in this place as a percentage of other kills in the entire game.
 E = Experience gained in this place as a percentage of experience gained in the entire game.
 F = Experience gained in this place divided by the number of levels of this place that you have seen.
                   A       B       C       D       E      F
               +-------+-------+-------+-------+-------+----------------------
         Total | 100.0 | 100.0 |   N/A |   N/A | 100.0 | 114.5
       Dungeon | 100.0 | 100.0 |   N/A |   N/A | 100.0 | 114.5
               +-------+-------+-------+-------+-------+----------------------

Table legend: (Time is in decaauts)
 A = Elapsed time spent in this place.
 B = Non-inter-level travel time spent in this place.
 C = Inter-level travel time spent in this place.
 D = Time resting spent in this place.
 E = Time spent auto-exploring this place.
 F = Levels seen in this place.
 G = Mean time per level.
                   A        B        C        D        E       F      G
               +--------+--------+--------+--------+--------+-----+--------+
         Total |   1336 |   1269 |     67 |      0 |    986 |   2 |  668.0 |
       Dungeon |   1336 |   1269 |     67 |      0 |    986 |   2 |  668.0 |
               +--------+--------+--------+--------+--------+-----+--------+

Top non-repeatable levels by time:
     D:1: 918 daAuts
     D:2: 418 daAuts
